 Seeded DCSS version 0.31-a0-664-g902f515a81 (webtiles) character file.

Game seed: 784279740803775113 (custom seed)

2 CarvArkoylaein the Tainter (level 1, -1/13 HPs)
             Began as a Gnoll Wanderer on Sept 2, 2023.
             Slain by a kobold
             ... wielding a +0 short sword of venom
              (3 damage)
             ... on level 1 of the Dungeon.
             The game lasted 00:00:37 (57 turns).

CarvArkoylaein the Tainter (Gnoll Wanderer)           Turns: 57, Time: 00:00:37

Health: -1/13      AC:  5    Str:  8    XL:     1   Next: 40%
Magic:  4/4        EV:  9    Int: 11    God:
Gold:   13         SH:  0    Dex: 14    Spells: 4/5 levels left

rFire   . . .        a - +0 quarterstaff
rCold   . . .        (shield currently unavailable)
rNeg    . . .        b - +0 ring mail
rPois   .            (no helmet)
rElec   .            (no cloak)
rCorr   .            (no gloves)
SInv    .            (no boots)
Will    .....        (no amulet)
Stlth   +            (no ring)
HPRegen 0.22/turn    (no ring)
MPRegen 0.09/turn

%: no passive effects
@: lethally poisoned (-1 -> -9)
A: fangs 1, strong nose, distributed training
a: no special abilities


You were on level 1 of the Dungeon.
You visited 1 branch of the dungeon, and saw 1 of its levels.

You collected 13 gold pieces.

Inventory:

Hand Weapons
 a - a +0 quarterstaff (weapon)
Armour
 b - a +0 ring mail (worn)
Scrolls
 c - a scroll of fear


   Skills:
 + Level 0.0 Fighting
 + Level 0.0 Short Blades
 + Level 0.0 Long Blades
 + Level 0.0 Axes
 + Level 0.0 Maces & Flails
 + Level 0.0 Polearms
 + Level 4.4 Staves
 + Level 0.0 Ranged Weapons
 + Level 0.0 Throwing
 + Level 2.3 Armour
 + Level 0.0 Dodging
 + Level 2.1 Stealth
 + Level 0.0 Shields
 + Level 0.0 Unarmed Combat
 + Level 2.6 Spellcasting
 + Level 0.0 Conjurations
 + Level 0.0 Hexes
 + Level 0.0 Summonings
 + Level 0.0 Necromancy
 + Level 0.0 Translocations
 + Level 0.0 Transmutations
 + Level 0.0 Fire Magic
 + Level 0.0 Ice Magic
 + Level 0.0 Air Magic
 + Level 0.0 Earth Magic
 + Level 8.7 Poison Magic
 + Level 0.1 Invocations
 + Level 0.0 Evocations
 + Level 0.0 Shapeshifting


You had 4 spell levels left.
You knew the following spells:

 Your Spells              Type           Power      Damage    Failure   Level
a - Sting                 Tmut/Pois      44%        1d5       14%         1

Your spell library contained the following spells:

 Spells                   Type           Power      Damage    Failure   Level
 Poisonous Vapours        Pois/Air       22%        N/A       21%         2
 Ignite Poison            Fire/Tmut/Pois 7%         N/A       58%         3


Dungeon Overview and Level Annotations

Branches:
Dungeon (1/15)

Altars:


Innate Abilities, Weirdness & Mutations

You have very sharp teeth.
Your uncanny sense of smell can sniff out nearby items.
Your experience applies equally to all skills.


Message History

Welcome, CarvArkoylaein the Gnoll Wanderer.
Game seed: 784279740803775113 (custom seed) Press ? for a list of commands and other information.
Found a staircase leading out of the dungeon.
You begin with the following items: a +0 quarterstaff, a +0 ring mail, a scroll of fear; and the following spell memorised: Sting; and the following spells available to memorise: Poisonous Vapours, Ignite Poison.
You enter the shallow water.
Moving in this stuff is going to be slow.
Found 4 stones.
Found a club.
Found 7 gold pieces.
Found a whip.
You now have 7 gold pieces.
A goblin comes into view. It is wielding a +0 club.
Found 6 gold pieces.
The goblin barely misses you.
You hit the goblin.
You kill the goblin!
You see here a +0 club.
You now have 13 gold pieces (gained 6).
A goblin comes into view. It is wielding a +0 club.
The goblin shouts!
The goblin hits you with a +0 club.
A kobold comes into view.
It is wielding a +0 short sword of venom.
You hit the goblin. Your bite misses the goblin.
The goblin is heavily wounded.
The goblin hits you but does no damage.
You barely miss the goblin.
The goblin is heavily wounded.
The goblin hits you with a +0 club.
You hit the goblin.
You kill the goblin!
You closely miss the kobold. You bite the kobold, but do no damage.
The kobold hits you with a +0 short sword of venom.
You are lethally poisoned!
You barely miss the kobold.
* * * LOW HITPOINT WARNING * * *
You feel very sick.
The kobold hits you with a +0 short sword of venom.
You die...

######.#############
...........#.......
....).............
####........#......
.......####.#....# ∆
.................. ∆
..#..#..).....##.#
.....#.###....##K#
..............##@#
.##.##..##.#..##.####
.##.##.....#........#
.##+###.#####.##.##.#
.......... ...#### #
.......#.......
.......#........
.......#........
##.....#........


You could see a kobold.

Vanquished Creatures
  2 goblins (D:1)
2 creatures vanquished.

Notes
Turn   | Place    | Note
-------+----------+-------------------------------------------
     0 | D:1      | CarvArkoylaein the Gnoll Wanderer began the quest for the
                  | Orb.
     0 | D:1      | CarvArkoylaein set off with the following items: a +0
                  | quarterstaff, a +0 ring mail, a scroll of fear; and the
                  | following spell memorised: Sting; and the following spells
                  | available to memorise: Poisonous Vapours, Ignite Poison.
     0 | D:1      | Reached XP level 1. HP: 13/13 MP: 4/4
    57 | D:1      | Slain by a kobold

Illustrated notes

Levels and vault maps discovered:
D:1:      spicycebolla_green_bress_n_ham_2, layout_basic

Action                     || total
---------------------------++-------
  Melee: Quarterstaff      ||     6
         Bite              ||     1
 Armour: Ring mail         ||     5
  Dodge: Dodged            ||     1

Table legend: (Time is in decaauts)
 A = Elapsed time spent in this place.
 B = Non-inter-level travel time spent in this place.
 C = Inter-level travel time spent in this place.
 D = Time resting spent in this place.
 E = Time spent auto-exploring this place.
 F = Levels seen in this place.
 G = Mean time per level.
                   A        B        C        D        E       F      G
               +--------+--------+--------+--------+--------+-----+--------+
         Total |     57 |     12 |     45 |      0 |      0 |   1 |   57.0 |
       Dungeon |     57 |     12 |     45 |      0 |      0 |   1 |   57.0 |
               +--------+--------+--------+--------+--------+-----+--------+

Top non-repeatable levels by time:
     D:1: 57 daAuts
